 Dungeon Crawl Stone Soup version 0.19.0-20-gbc5f0c6 (webtiles) character file.

3404 McCoppin the Skirmisher (level 10, -3/72 HPs)
             Began as an Octopode Necromancer on Nov 16, 2016.
             Was a Believer of Kikubaaqudgha.
             Slain by a two-headed ogre
             ... wielding a +0 giant club
              (12 damage)
             ... on level 9 of the Dungeon.
             The game lasted 00:27:39 (7995 turns).

McCoppin the Skirmisher (Octopode Necromancer)      Turns: 7995, Time: 00:27:39

Health: -3/72      AC:  1    Str:  7    XL:     10   Next: 4%
Magic:  14/17      EV: 14    Int: 18    God:    Kikubaaqudgha [**....]
Gold:   222        SH:  5    Dex: 18    Spells: 4 memorised, 8 levels left

rFire  . . .     SeeInvis .     r - +1 long sword (protect)
rCold  . . .     Gourm    .     B - +0 buckler
rNeg   . . .     Faith    .     d - +0 hat
rPois  +         Spirit   .     E - amulet of the Burgomaster {RegenMP rPois rC- MR++ Stlth+}
rElec  .         Reflect  .     g - +2 ring of dexterity
rCorr  .         Harm     .     D - ring of protection from cold
MR     ++...                    (no ring)
Stlth  ++++++....               (no ring)
                                (no ring)
                                (no ring)
                                (no ring)
                                (no ring)

@: no status effects
A: almost no armour, stealthy swim, amphibious, 8 rings, constrict 8, camouflage
1, gelatinous body 1
a: Receive Corpses, Renounce Religion


You were on level 9 of the Dungeon.
You worshipped Kikubaaqudgha.
Kikubaaqudgha was pleased with you.
You were not hungry.

You visited 1 branch of the dungeon, and saw 9 of its levels.

You collected 531 gold pieces.
You spent 309 gold pieces at shops.

Inventory:

Hand Weapons
 c - a +0 dagger
 r - a +1 long sword of protection (weapon)
 F - the +3 short sword of Linearity {holy, Str+4 Dex+3 Stlth+}
   (You bought it in a shop on level 6 of the Dungeon)

   It has been blessed by the Shining One to cause great damage to the undead
   and demons.
   It affects your strength (+4).
   It affects your dexterity (+3).
   It makes you more stealthy.
 L - a +3 scimitar of flaming
 N - a +0 falchion of holy wrath
Armour
 d - a +0 hat (worn)
 B - a +0 buckler (worn)
Magical Staves
 R - an uncursed staff of wizardry {unknown}
Jewellery
 e - an uncursed amulet of faith
 g - a +2 ring of dexterity (left tentacle)
 y - an uncursed amulet of the gourmand
 D - a ring of protection from cold (right tentacle)
 E - the amulet of the Burgomaster (around mantle) {RegenMP rPois rC- MR++ Stlth+}
   (You bought it in a shop on level 6 of the Dungeon)

   [amulet of magic regeneration]

   It increases your magic regeneration.
   It makes you vulnerable to cold.
   It protects you from poison.
   It affects your resistance to hostile enchantments.
   It makes you more stealthy.
Wands
 w - a wand of polymorph (6/24)
 A - a wand of heal wounds (0/9)
 K - a wand of flame (18/48)
 S - a wand of paralysis (7/24)
Scrolls
 k - 3 scrolls of teleportation
 l - 2 scrolls of recharging {unknown}
 n - 5 scrolls of remove curse
 s - a scroll of magic mapping
 v - 3 scrolls of blinking {unknown}
 z - a scroll of fog
 H - a scroll of noise {unknown}
 Q - a scroll of amnesia {unknown}
Potions
 f - a potion of brilliance {unknown}
 h - a potion of flight
 j - 3 potions of curing {unknown}
 m - a potion of agility
 q - 2 potions of might
 u - a potion of ambrosia {unknown}
 x - a potion of heal wounds
 C - 2 potions of degeneration {unknown}
 M - a potion of lignification
 O - a potion of cancellation {unknown}
 P - a potion of mutation {unknown}
Books
 a - a book of Necromancy

   Spells                             Type                      Level
   a - Pain                           Necromancy                   1
   b - Animate Skeleton               Necromancy                   1
   c - Vampiric Draining              Necromancy                   3
   d - Regeneration                   Charms/Necromancy            3
   e - Animate Dead                   Necromancy                   4
   f - Control Undead                 Necromancy                   4
 i - a book of Conjurations

   Spells                             Type                      Level
   a - Magic Dart                     Conjuration                  1
   b - Searing Ray                    Conjuration                  2
   c - Dazzling Spray                 Conjuration/Hexes            3
   d - Fulminant Prism                Conjuration/Hexes            4
   e - Iskenderun's Mystic Blast      Conjuration                  4
   f - Iskenderun's Battlesphere      Conjuration/Charms           5
 t - Kikubaaqudgha's Papyrus of Evil
   (Kikubaaqudgha gifted it to you on level 3 of the Dungeon)

   Spells                             Type                      Level
   a - Pain                           Necromancy                   1
   b - Corpse Rot                     Necromancy                   2
   c - Sublimation of Blood           Necromancy                   2
   d - Regeneration                   Charms/Necromancy            3
   e - Control Undead                 Necromancy                   4
 I - a book of Cantrips

   Spells                             Type                      Level
   a - Confusing Touch                Hexes                        1
   b - Animate Skeleton               Necromancy                   1
   c - Summon Small Mammal            Summoning                    1
   d - Apportation                    Translocation                1
 J - a book of Geomancy

   Spells                             Type                      Level
   a - Sandblast                      Earth                        1
   b - Passwall                       Transmutation/Earth          2
   c - Stone Arrow                    Conjuration/Earth            3
   d - Petrify                        Transmutation/Earth          4
   e - Lee's Rapid Deconstruction     Earth                        5
Comestibles
 b - 6 bread rations
 o - 2 meat rations
 p - 3 beef jerkies
 G - a royal jelly


   Skills:
 + Level 7.9 Fighting
 + Level 6.5 Long Blades
 - Level 2.0 Dodging
 - Level 7.0 Stealth
 - Level 4.0 Shields
 + Level 5.0 Spellcasting
 - Level 6.0 Necromancy


You had 8 spell levels left.
You knew the following spells:

 Your Spells              Type           Power        Failure   Level  Hunger
a - Pain                  Necr           ####         1%          1    None
b - Vampiric Draining     Necr           ####......   3%          3    ##.....
c - Regeneration          Chrm/Necr      ###.......   14%         3    ##.....
d - Animate Dead          Necr           N/A          14%         4    ####...


Dungeon Overview and Level Annotations

Branches:
Dungeon (9/15)             Temple (0/1) D:5
   Lair: D:8-11         Orc: D:9-12

Altars:
Elyvilon
Fedhas
Kikubaaqudgha
Ru
Trog
Uskayaw
Vehumet
Xom

Shops:
D:4 :   D:6 *(:=

Annotations:
D:8 kae's ghost, novice FoFi


Innate Abilities, Weirdness & Mutations

You cannot wear most types of armour.
You are very stealthy in the water. (Stealth+)
You are amphibious.
You can wear up to eight rings at the same time.
You can use your tentacles to constrict eight enemies at once.
Your skin changes colour to match your surroundings (Stealth+).
Your rubbery body absorbs attacks. (AC +1, EV +1)


Message History

The two-headed ogre hits you with a giant club!!
The two-headed ogre hits you with a giant club!
Unknown command.
Your skin is crawling a little less now.
Your skin stops crawling.
There is a stone staircase leading up here.
The two-headed ogre hits you with a giant club!
* * * LOW HITPOINT WARNING * * *
The two-headed ogre hits you with a giant club!
* * * LOW HITPOINT WARNING * * *
Casting: Regeneration
Confirm with . or Enter, or press ? or * to list all spells.
Aiming: Vampiric Draining
Press: ? - help, Shift-Dir - straight line, f - two-headed ogre
Aim: a two-headed ogre, wielding two giant clubs (moderately wounded)
The two-headed ogre is heavily wounded.
You feel life coursing into your body.
The two-headed ogre hits you with a giant club!
You die...
Kikubaaqudgha rasps: "You have failed me!
Welcome... death!"

#........ #.......z
#.......O
##############)####
#....#..#.####.###
#..<...#.........#
#...)..#.........#
#.O..(.#.........#
#.@.)..#.........#
#......#.........#
#......+.........#
##################


You could see a two-headed ogre.

Vanquished Creatures
  Erica (D:8)
  A hippogriff (D:7)
  Grum (D:8)
  Menkaure (D:7)
  2 orc warriors (D:7)
  An ice beast (D:5)
  2 black bears
  2 ogres
  2 wolves (D:8)
  A centaur (D:6)
  A big kobold (D:9)
  4 bullfrogs
  A wyvern skeleton (D:6)
  A scorpion (D:4)
  A wight (D:9)
  8 crimson imps
  A hound (D:6)
  Crazy Yiuf (D:7)
  2 orc priests
  4 orc wizards
  7 worker ants
  A hound skeleton (D:7)
  7 adders
  4 gnolls (D:4)
  4 shadow imps
  2 oozes (D:1)
  2 adder skeletons (D:4)
  4 worms
  2 dart slugs (D:2)
  9 leopard geckos
  30 orcs
  3 bats
  4 giant cockroaches
  6 goblins
  7 hobgoblins
  9 jackals
  3 quokkas
  4 frilled lizards
  7 kobolds
  11 rats
164 creatures vanquished.

Notes
Turn   | Place    | Note
-------+----------+-------------------------------------------
     0 | D:1      | McCoppin the Octopode Necromancer began the quest for the Orb.
     0 | D:1      | Reached XP level 1. HP: 11/11 MP: 3/3
   360 | D:1      | Reached XP level 2. HP: 4/17 MP: 0/5
   917 | D:1      | Reached skill level 5 in Stealth
   917 | D:1      | Reached XP level 3. HP: 19/21 MP: 6/6
  1005 | D:2      | Found a radiant altar of Vehumet.
  1100 | D:2      | Found a bloodstained altar of Trog.
  1441 | D:3      | Reached XP level 4. HP: 27/27 MP: 7/7
  1852 | D:3      | Found an ancient bone altar of Kikubaaqudgha.
  1852 | D:3      | Found a blossoming altar of Fedhas.
  1868 | D:3      | Became a worshipper of Kikubaaqudgha
  1906 | D:3      | Learned a level 3 spell: Vampiric Draining
  1913 | D:3      | Learned a level 3 spell: Regeneration
  1966 | D:3      | Reached XP level 5. HP: 31/31 MP: 8/8
  2435 | D:3      | Reached skill level 1 in Fighting
  2453 | D:3      | Reached * piety under Kikubaaqudgha
  2453 | D:3      | Identified Kikubaaqudgha's Papyrus of Evil (Kikubaaqudgha gifted it to you on level 3 of the Dungeon)
  2453 | D:3      | Received a gift from Kikubaaqudgha
  2630 | D:4      | Reached XP level 6. HP: 10/39 MP: 5/9
  3029 | D:4      | Reached skill level 5 in Necromancy
  3440 | D:4      | Found a white marble altar of Elyvilon.
  3440 | D:4      | Found a faded altar of an unknown god.
  3445 | D:4      | Found a faded altar of an unknown god.
  3447 | D:4      | Found a faded altar of an unknown god.
  3449 | D:4      | Found a faded altar of an unknown god.
  3623 | D:4      | Found Feesh's Book Boutique.
  3696 | D:4      | Reached XP level 7. HP: 46/46 MP: 10/10
  3707 | D:5      | Entered Level 5 of the Dungeon
  3934 | D:5      | Found a staircase to the Ecumenical Temple.
  4603 | D:6      | Reached skill level 1 in Long Blades
  4610 | D:6      | Reached skill level 1 in Shields
  4625 | D:6      | Reached ** piety under Kikubaaqudgha
  4658 | D:6      | Noticed a hand axe
  4658 | D:6      | Noticed a dagger
  4663 | D:6      | Found a hide-covered altar of Uskayaw.
  4681 | D:6      | Reached XP level 8. HP: 52/54 MP: 11/11
  4695 | D:6      | Found Ocaashra's Assorted Antiques.
  4697 | D:6      | Found Tuew's Book Boutique.
  4698 | D:6      | Found Ashrunn's Antique Weapon Boutique.
  4699 | D:6      | Found Meydead's Jewellery Boutique.
  4727 | D:6      | Bought a scintillating emerald amulet for 125 gold pieces
  4730 | D:6      | Bought a smoking short sword for 184 gold pieces
  4730 | D:6      | Identified the +3 short sword of Linearity {holy, Str+4 Dex+3 Stlth+} (You bought it in a shop on level 6 of the Dungeon)
  4732 | D:6      | Identified the amulet of the Burgomaster {RegenMP rPois rC- MR++ Stlth+} (You bought it in a shop on level 6 of the Dungeon)
  4804 | D:6      | Reached skill level 5 in Fighting
  5327 | D:7      | Noticed Menkaure
  5338 | D:7      | Killed Menkaure
  5690 | D:7      | Reached XP level 9. HP: 38/62 MP: 2/12
  5940 | D:7      | Found a runed door.
  5947 | D:7      | Noticed Crazy Yiuf
  5958 | D:7      | Killed Crazy Yiuf
  6090 | D:8      | Found a sacrificial altar of Ru.
  6094 | D:8      | Noticed Erica
  6114 | D:8      | Killed Erica
  6114 | D:8      | Reached skill level 5 in Long Blades
  6397 | D:8      | Noticed kae's ghost (novice FoFi)
  6454 | D:8      | HP: 1/64 [kae's ghost (10)]
  7115 | D:8      | Learned a level 4 spell: Animate Dead
  7164 | D:8      | Found an ancient bone altar of Kikubaaqudgha.
  7271 | D:8      | Found a shimmering altar of Xom.
  7282 | D:8      | Noticed Grum
  7617 | D:8      | Killed Grum
  7625 | D:8      | Reached XP level 10. HP: 10/72 MP: 17/17
  7942 | D:9      | Reached skill level 5 in Spellcasting
  7995 | D:9      | Slain by a two-headed ogre

Skill      XL: |  1  2  3  4  5  6  7  8  9 10 |
---------------+-------------------------------+-----
Stealth        | 3 5 6 7 |  7.0
Fighting       | 2 3 4 6 7 |  7.9
Necromancy     | 5 6 |  6.0
Long Blades    | 1 4 6 |  6.5
Shields        | 1 4 |  4.0
Spellcasting   | 4 5 |  5.0
Dodging        | |  2.0

Action                   |  1- 3 |  4- 6 |  7- 9 | 10-12 || total
-------------------------+-------+-------+-------+-------++-------
Melee: Dagger            |    66 |    16 |     1 |       ||    83
       Tentacles         |    11 |    13 |    63 |     3 ||    90
       Constrict         |    15 |    35 |    59 |     4 ||   113
       Long sword        |       |    94 |   240 |    16 ||   350
       Short sword       |       |       |    17 |       ||    17
       Falchion          |       |       |    22 |       ||    22
 Cast: Pain              |    15 |     7 |     8 |       ||    30
       Vampiric Draining |       |     2 |     7 |     1 ||    10
       Regeneration      |       |       |     4 |     2 ||     6
Evoke: Wand              |       |       |     6 |       ||     6
  Use: Scroll            |     3 |     3 |     6 |       ||    12
 Stab: Sleeping          |     8 |    11 |    18 |     4 ||    41
       Distracted        |       |     2 |     3 |       ||     5
  Eat: Chunk             |     2 |     6 |    10 |       ||    18
       Meat ration       |       |       |     1 |     1 ||     2
Armor: Skin              |     3 |    13 |    75 |     4 ||    95
Dodge: Dodged            |    50 |    81 |   172 |     4 ||   307
Block: Buckler           |       |       |    59 |     2 ||    61
       Rpst.: Long sword |       |    26 |    48 |     1 ||    75
       Falchion          |       |       |     1 |       ||     1
